 Dungeon Crawl Stone Soup version 0.21-a0-286-g6fcecc0 (webtiles) character file.

14 tidbits the Grave Robber (level 2, -5/20 HPs)
             Began as a Draconian Necromancer on Sept 25, 2017.
             Killed from afar by Natasha (9 damage)
             ... with a magic dart
             ... on level 2 of the Dungeon.
             The game lasted 00:02:53 (422 turns).

tidbits the Grave Robber (Draconian Necromancer)     Turns: 422, Time: 00:02:54

Health: -5/20      AC:  4    Str: 10    XL:     2   Next: 27%
Magic:  1/5        EV: 12    Int: 15    God:
Gold:   102        SH:  0    Dex: 11    Spells: 4/5 levels left

rFire    + . .     SeeInvis .   a - book of Necromancy
rCold    + . .     Gourm    .   (no shield)
rNeg     . . .     Faith    .   (armour unavailable)
rPois    +         Spirit   .   (helmet restricted)
rElec    +         Reflect  .   (no cloak)
rCorr    +         Harm     .   (no gloves)
MR       .....                  (no boots)
Stlth    ++........             (no amulet)
HPRegen  0.06/turn              (no ring)
MPRegen  0.09/turn              (no ring)

@: resistant
A: unfitting armour, cold-blooded, AC +4
a: no special abilities


You were on level 2 of the Dungeon.
You were not hungry.

You visited 1 branch of the dungeon, and saw 2 of its levels.

You collected 102 gold pieces.

Inventory:

Hand Weapons
 c - a +0 mace
 e - a +0 club
Missiles
 g - 26 stones (quivered)
Scrolls
 d - a scroll of recharging {unknown}
 f - a scroll of identify {unknown}
 j - a scroll of immolation {unknown}
 k - a scroll of teleportation {unknown}
Books
 a - a book of Necromancy (in hand)

   Spells                             Type                      Level
   a - Pain                           Necromancy                   1
   b - Animate Skeleton               Necromancy                   1
   c - Vampiric Draining              Necromancy                   3
   d - Regeneration                   Charms/Necromancy            3
   e - Animate Dead                   Necromancy                   4
   f - Control Undead                 Necromancy                   4
Comestibles
 b - 2 bread rations
 i - 3 fruits


   Skills:
 - Level 1.7 Dodging
 - Level 1.7 Stealth
 + Level 2.2 Spellcasting
 * Level 4.4 Necromancy


You had 4 spell levels left.
You knew the following spells:

 Your Spells              Type           Power        Failure   Level  Hunger
a - Pain                  Necr           ##..         3%          1    #......


Dungeon Overview and Level Annotations

Branches:
Dungeon (2/15)

Altars:

Annotations:
D:2 Natasha, Sigmund


Innate Abilities, Weirdness & Mutations

Your plain brown scales are hard. (AC +4)
You cannot fit into any form of body armour.
You are cold-blooded and may be slowed by cold attacks.


Message History

You can't see any susceptible monsters within range! (Use Z to cast anyway.) Unknown command.
Things that are here:
a club; a hobgoblin corpse
There is a stone staircase leading down here.
You climb downwards.
Found 15 stones and 27 gold pieces.
Found a stone staircase leading down.
There is a stone staircase leading up here.
A frilled lizard comes into view.
Found 15 gold pieces.
You see here 17 gold pieces.
Casting: Pain
Confirm with . or Enter, or press ? or * to list all spells.
Aiming: Pain
Press: ? - help, Shift-Dir - straight line, f - frilled lizard
Aim: a frilled lizard (resting, chance to defeat MR: 85%)
The frilled lizard hisses angrily.
The frilled lizard writhes in agony!
You kill the frilled lizard!
You now have 67 gold pieces (gained 17).
Your magical contamination has completely faded away.
Found 10 gold pieces.
You now have 77 gold pieces (gained 10).
A kobold comes into view.
Found 17 arrows.
The kobold shouts!
The kobold throws a stone.
The stone barely misses you.
Casting: Pain
Confirm with . or Enter, or press ? or * to list all spells.
Aiming: Pain
Press: ? - help, Shift-Dir - straight line, f - kobold
Aim: a kobold (chance to defeat MR: 85%)
The kobold writhes in agony!
You kill the kobold!
You now have 92 gold pieces (gained 15).
You now have 102 gold pieces (gained 10).
Sigmund the Dreaded comes into view.
He is wielding a scythe of protection.
Found 5 gold pieces.
Found a pink potion.
Casting: Pain
Confirm with . or Enter, or press ? or * to list all spells.
Aiming: Pain
Press: ? - help, Shift-Dir - straight line, f - Sigmund
Aim: Sigmund, wielding a scythe of protection and wearing a robe (chance to defeat MR: 79%) Sigmund writhes in agony!
Casting: Pain
Confirm with . or Enter, or press ? or * to list all spells.
Aiming: Pain
Press: ? - help, Shift-Dir - straight line, f/p - Sigmund
Aim: Sigmund, wielding a scythe of protection and wearing a robe (lightly wounded, chance to defeat MR: 79%) Sigmund writhes in agony!
Casting: Pain
Confirm with . or Enter, or press ? or * to list all spells.
Aiming: Pain
Press: ? - help, Shift-Dir - straight line, f/p - Sigmund
Aim: Sigmund, wielding a scythe of protection and wearing a robe (moderately wounded, chance to defeat MR: 79%) Sigmund writhes in agony!
Casting: Pain
Confirm with . or Enter, or press ? or * to list all spells.
Aiming: Pain
Press: ? - help, Shift-Dir - straight line, f/p - Sigmund
Aim: Sigmund, wielding a scythe of protection and wearing a robe (moderately wounded, chance to defeat MR: 79%) Sigmund writhes in agony!
Sigmund casts a spell at you. The magic dart hits you!
* * * LOW HITPOINT WARNING * * *
Casting: Pain
Confirm with . or Enter, or press ? or * to list all spells.
Aiming: Pain
Press: ? - help, Shift-Dir - straight line, f/p - Sigmund
Aim: Sigmund, wielding a scythe of protection and wearing a robe (heavily wounded, chance to defeat MR: 79%) Sigmund writhes in agony!
Sigmund misses you.
It was a potion of resistance.
You feel protected. Sigmund gestures at you while chanting.
You are confused.
Sigmund casts a spell at you. You resist with significant effort.
Sigmund hits you from afar with a scythe of protection.
* * * LOW HITPOINT WARNING * * *
You bump into the rock wall.
You feel less confused.
Casting: Pain
Confirm with . or Enter, or press ? or * to list all spells.
Aiming: Pain
Press: ? - help, Shift-Dir - straight line, f/p - Sigmund
Aim: Sigmund, wielding a scythe of protection and wearing a robe (heavily wounded, chance to defeat MR: 79%) Sigmund writhes in agony!
Sigmund misses you.
You aren't carrying any potions.
Unknown command.
Okay, then.
Natasha, Servant of Life and Death comes into view.
Natasha hisses angrily.
Natasha howls an incantation.
Natasha's front paws start to glow.
Natasha casts a spell.
The crimson imp blinks!
Natasha casts a spell at you. The magic dart hits you!
You die...

#.......#.....#
#.....!.#.....#
#.......#..$..#
...h..........#
........#.....#
#......@#.....#
#.......#.....#
##.##...#.....# # #....@....##
#.#.†.......# ####.#.........#
... ....#.........# ....
###............#
##..###.....#.###.####
............#..#..############
.................##..........#
#..>...........###..........#


You could see Sigmund and Natasha.

Vanquished Creatures
  A giant cockroach (D:2)
  A goblin (D:1)
  5 hobgoblins (D:1)
  A ball python (D:1)
  A bat (D:1)
  A frilled lizard (D:2)
  A kobold (D:2)
  2 rats (D:1)
13 creatures vanquished.

Notes
Turn   | Place    | Note
-------+----------+-------------------------------------------
     0 | D:1      | tidbits the Draconian Necromancer began the quest for the Orb.
     0 | D:1      | Reached XP level 1. HP: 14/14 MP: 3/3
   262 | D:1      | Reached XP level 2. HP: 16/20 MP: 1/5
   399 | D:2      | Noticed Sigmund
   417 | D:2      | Noticed Natasha
   421 | D:2      | Noticed a crimson imp
   422 | D:2      | Killed from afar by Natasha

Vault maps used:
D:1:      dpeg_arrival_chase
D:2:      first_bread, corner_web_ring, uniq_natasha, uniq_sigmund

Action                   || total
-------------------------++-------
Melee: Club              ||     3
 Cast: Pain              ||    27
  Use: Potion            ||     1
Dodge: Dodged            ||     6

Table legend:
 A = Spawn XP
 B = Non-spawn XP
 C = Spawn XP percentage of total XP
 D = Spawn monster count
 E = Non-spawn monster count
 F = Spawn count percentage of total count
 G = Total turns spent on level
                    A         B        C        D         E        F      G
               +---------+---------+-------+---------+---------+-------+---------
         Total |       0 |      20 |   0.0 |       0 |      13 |   0.0 |   422
               +---------+---------+-------+---------+---------+-------+---------
           D:1 |       0 |      16 |   0.0 |       0 |      10 |   0.0 |   345
           D:2 |       0 |       4 |   0.0 |       0 |       3 |   0.0 |    77
               +---------+---------+-------+---------+---------+-------+---------

Table legend:
 A = Turns spent in this place as a percentage of turns spent in the entire game.
 B = Non-inter-level travel turns spent in this place as a percentage of non-inter-level travel turns spent in the entire game.
 C = Inter-level travel turns spent in this place as a percentage of turns spent in this place.
 D = Turns resting spent in this place as a percentage of non-inter-level travel turns spent in this place.
 E = Turns spent auto-exploring this place as a percentage of non-inter-level travel turns spent in this place.
 F = Non-inter-level travel turns spent in this place divided by the number of levels of this place that you've seen.
                   A       B       C       D       E      F
               +-------+-------+-------+-------+-------+----------------------
         Total | 100.0 | 100.0 |   0.0 |   0.0 |   0.0 | 211.0
       Dungeon | 100.0 | 100.0 |   0.0 |   0.0 |   0.0 | 211.0
               +-------+-------+-------+-------+-------+----------------------

Table legend:
 A = Kills in this place as a percentage of kills in entire the game.
 B = Kills by you in this place as a percentage of kills by you in the entire game.
 C = Kills by friends in this place as a percentage of kills by friends in the entire game.
 D = Other kills in this place as a percentage of other kills in the entire game.
 E = Experience gained in this place as a percentage of experience gained in the entire game.
 F = Experience gained in this place divided by the number of levels of this place that you have seen.
                   A       B       C       D       E      F
               +-------+-------+-------+-------+-------+----------------------
         Total | 100.0 | 100.0 |   N/A |   N/A | 100.0 |  10.0
       Dungeon | 100.0 | 100.0 |   N/A |   N/A | 100.0 |  10.0
               +-------+-------+-------+-------+-------+----------------------

Vault maps used:
D:1:      dpeg_arrival_chase
D:2:      first_bread, corner_web_ring, uniq_natasha, uniq_sigmund
